 Dungeon Crawl Stone Soup version 0.27-a0-1301-g128193abf8 (webtiles) character file.

Game seed: 1449238270204025315

106 BlueGoblin the Insei (level 5, 0/37 HPs)
             Began as a Djinni Transmuter on June 17, 2021.
             Slain by an orc priest (3 damage)
             ... on level 3 of the Dungeon.
             The game lasted 00:08:55 (3869 turns).

BlueGoblin the Insei (Djinni Transmuter)            Turns: 3869, Time: 00:08:56

Health: 0/37       AC:  4    Str:  9    XL:     5   Next: 10%
Gold:   113        EV: 12    Int: 16    God:
                   SH:  0    Dex: 13

rFire    + + .     SeeInvis .     - Unarmed
rCold    x . .     Faith    .   (no shield)
rNeg     . . .     Spirit   .   a - +0 robe
rPois    ∞         Reflect  .   (helmet currently unavailable)
rElec    .         Harm     .   k - +1 cloak
rCorr    .         Rampage  .   (no gloves)
Will     .....                  (boots unavailable)
Stlth    +.........             (no amulet)
HPRegen  0.12/turn              (no ring)
MPRegen  0.00/turn              (no ring)

@: confused, appendages, wereblooded, flying, hasted, very quick
A: horns 2, flying, sickness immunity, fire resistance 2, cold vulnerability 1,
float, innate caster, hp casting, extra vitality 1
a: End Transformation


You were on level 3 of the Dungeon.
You had temporarily grown beastly horns.
You visited 1 branch of the dungeon, and saw 3 of its levels.

You collected 113 gold pieces.

Inventory:

Hand Weapons
 g - a +0 rapier
 j - a +3 quarterstaff of chaos
Armour
 a - a +0 robe (worn)
 b - a +2 helmet (melded)
 k - a +1 cloak (worn)
Magical Staves
 l - a staff of fire
Jewellery
 d - the ring of Linearity {Will+ Int+5 Dex-3}
   (You acquired it on level 2 of the Dungeon)

   [ring of willpower]

   It affects your intelligence (+5).
   It affects your dexterity (-3).
   It increases your willpower.
Scrolls
 e - 2 scrolls of fear
 f - 3 scrolls of teleportation
 m - a scroll of magic mapping {unknown}
Potions
 c - a potion of magic {unknown}
 h - a potion of haste
 i - a potion of flight {unknown}


   Skills:
 + Level 1.1 Fighting
 + Level 2.7 Dodging
 + Level 1.0 Stealth
 + Level 3.9 Unarmed Combat
 + Level 2.6 Spellcasting


You couldn't memorise any spells.
You knew the following spells:

 Your Spells              Type           Power      Damage    Failure   Level
a - Beastly Appendage     Tmut           20%        N/A       7%          1
b - Wereblood             Tmut           10%        N/A       10%         2
c - Spider Form           Tmut/Pois      5%         N/A       21%         3
d - Ice Form              Ice/Tmut       10%        N/A       54%         4
e - Sting                 Tmut/Pois      40%        1d5       7%          1
f - Blink                 Tloc           N/A        N/A       10%         2
Your spell library was empty.

Dungeon Overview and Level Annotations

Branches:
Dungeon (3/15)

Altars:


Innate Abilities, Weirdness & Mutations

You have temporarily grown beastly horns.
You are flying.
You are immune to sickness and miasma.
You are immune to poison.
Your flesh is very heat resistant. (rF++)
You are vulnerable to cold. (rC-)
You float through the air rather than walking.
You learn spells naturally, not from books.
Your magical power is your life essence.
You have superior vitality. (+4 HP)


Message History

Confirm with . or Enter, or press ? or * to list all spells.
You grow a pair of large bovine horns.
Your +2 helmet melds into your body.
An orc comes into view. It is wielding a +0 short sword.
An orc comes into view. It is wielding a +0 falchion.
Casting: Beastly Appendage (safe; 7% risk of failure)
Confirm with . or Enter, or press ? or * to list all spells.
Your blood is infused with primal strength.
The orc shouts! x2
The orc priest miscasts a cantrip.
The orc hits you with a +0 short sword. The orc priest closely misses you.
The orc wizard gestures at you while chanting.
The magic dart hits you!
You hit the orc priest but do no damage.
The orc priest hits you with a +0 hand axe.
You hit the orc priest.
The orc priest is lightly wounded.
The orc barely misses you. The orc wizard casts a spell at you.
The puff of flame hits you. You resist.
The orc priest hits you with a +0 hand axe.
You hit the orc priest.
The orc priest is moderately wounded.
The orc hits you with a +0 short sword. The orc wizard casts a spell at you.
You are confused.
The orc priest hits you with a +0 hand axe.
* * * LOW HITPOINT WARNING * * *
You feel yourself speed up. The orc misses you.
The orc wizard hits you with a +0 dagger.
* * * LOW HITPOINT WARNING * * *
The orc priest hits you with a +0 hand axe.
* * * LOW HITPOINT WARNING * * *
You're too confused to move!
The orc priest hits you but does no damage.
You closely miss the orc.
You bump into the rock wall.
You hit the orc but do no damage. You miss the orc.
The orc priest hits you with a +0 hand axe.
You die...

.....## ......# ......#
......###################
#.......................
##.......................
............>............
#.)..............oo......
#........)......@o#######
#...............o...=...#
#.#..................?..#
#.###....###............#
..# #....# #.(....#######
..# #....###...)..#
..###.............#
#.#.....#....#.......
..#.###+#....#.......


You could see an orc priest, an orc wizard and 2 orcs.

Vanquished Creatures
  Crazy Yiuf (D:2)
  Robin (D:3)
  An adder (D:3)
  A worm (D:2)
  2 bats
  3 endoplasms
  9 hobgoblins
  6 jackals (D:2)
  3 quokkas
  A ball python (D:3)
  3 frilled lizards
  10 goblins
  5 kobolds
  3 rats
49 creatures vanquished.

Notes
Turn   | Place    | Note
-------+----------+-------------------------------------------
     0 | D:1      | BlueGoblin the Djinni Transmuter began the quest for the
                  | Orb.
     0 | D:1      | Reached XP level 1. HP: 17/17 MP: 0/0
  1125 | D:1      | Found a faded altar of an unknown god.
  1362 | D:1      | Reached XP level 2. HP: 14/22 MP: 0/0
  2361 | D:2      | Reached XP level 3. HP: 26/27 MP: 0/0
  2361 | D:2      | Learned a level 1 spell: Sting
  2554 | D:2      | Found a runed translucent door.
  2555 | D:2      | Noticed Crazy Yiuf
  2575 | D:2      | Killed Crazy Yiuf
  2576 | D:2      | Reached XP level 4. HP: 13/32 MP: 0/0
  2800 | D:2      | Identified a scroll of acquirement
  2800 | D:2      | Acquired the ring of Linearity {Will+ Int+5 Dex-3}
  2915 | D:3      | Noticed Robin
  2942 | D:3      | Killed Robin
  2950 | D:3      | Reached skill level 1 in Stealth
  3458 | D:3      | Reached XP level 5. HP: 35/37 MP: 0/0
  3458 | D:3      | Learned a level 2 spell: Blink
  3869 | D:3      | Slain by an orc priest

Illustrated notes

Levels and vault maps discovered:
D:1:      noname_arrival_rooms_in_the_neighbourhood, layout_basic,
          hellmonk_ecumenical_altar_pennies_from_heaven
D:2:      layout_loops_ring, uniq_crazy_yiuf_cottage
D:3:      layout_basic, bloody_trog, gammafunk_temple_overflow_wave, uniq_robin

Skill      XL: |  1  2  3  4 |
---------------+-------------+-----
Spellcasting   | 2 |  2.6
Stealth        | 1 |  1.0
Fighting       | |  1.1
Dodging        | |  2.7
Unarmed Combat | |  3.9

Action                   |  1- 3 |  4- 6 || total
-------------------------+-------+-------++-------
Melee: Unarmed           |    84 |    76 ||   160
       Headbutt          |    14 |     6 ||    20
       Punch             |     1 |     1 ||     2
 Cast: Beastly Appendage |    16 |    10 ||    26
       Sting             |     1 |     4 ||     5
       Wereblood         |     1 |     5 ||     6
       Spider Form       |     1 |       ||     1
       Blink             |       |     4 ||     4
  Use: Scroll            |     1 |     5 ||     6
       Potion            |       |     1 ||     1
 Stab: Sleeping          |     1 |     1 ||     2
Armor: Robe              |    15 |    22 ||    37
Dodge: Dodged            |    52 |    48 ||   100

Table legend: (Time is in decaauts)
 A = Elapsed time spent in this place.
 B = Non-inter-level travel time spent in this place.
 C = Inter-level travel time spent in this place.
 D = Time resting spent in this place.
 E = Time spent auto-exploring this place.
 F = Levels seen in this place.
 G = Mean time per level.
                   A        B        C        D        E       F      G
               +--------+--------+--------+--------+--------+-----+--------+
         Total |   3854 |   3800 |     54 |   1134 |   2147 |   3 | 1284.7 |
       Dungeon |   3854 |   3800 |     54 |   1134 |   2147 |   3 | 1284.7 |
               +--------+--------+--------+--------+--------+-----+--------+

Top non-repeatable levels by time:
     D:1: 1545 daAuts
     D:2: 1360 daAuts
     D:3: 948 daAuts
